 Dungeon Sprint DCSS version 0.28.0-53-g5a82cb258f (webtiles) character file.

Game seed: 3854621831168857601

458 Zeld the Frost Mage (level 7, -2/46 HPs)
             Began as a Merfolk Ice Elementalist on June 14, 2022.
             Was an Initiate of Sif Muna.
             Splashed by a jelly's acid (9 damage)
             ... in the Dungeon (Sprint I: "Red Sonja").
             The game lasted 00:00:59 (1004 turns).

Zeld the Frost Mage (Merfolk Ice Elementalist)      Turns: 1004, Time: 00:01:00

Health: -2/46      AC: -6    Str:  8    XL:     7   Next: 6%
Magic:  17/19      EV: 12    Int: 17    God:    Sif Muna [......]
Gold:   162        SH:  0    Dex: 14    Spells: 12/23 levels left

rFire   . . .      SeeInvis .   a - +0 scythe
rCold   . . .      Faith    .   (shield currently unavailable)
rNeg    . . .      Spirit   .   i - +0 robe
rPois   .          Reflect  .   (no helmet)
rElec   .          Harm     .   (no cloak)
rCorr   .          Rampage  .   (no gloves)
Will    .....      NoTele   +   (no boots)
Stlth   ++........              (no amulet)
HPRegen 0.15/turn               (no ring)
MPRegen 0.16/turn               (no ring)

@: corroded
A: (nimble swimmer 2), mertail
a: Renounce Religion


You were in the Dungeon.
You worshipped Sif Muna.
Sif Muna was noncommittal.
You visited 1 branch You collected 162 gold pieces.

Inventory:

Hand Weapons
 a - a +0 scythe (weapon)
Armour
 i - a +0 robe (worn)
Wands
 h - a wand of iceblast (5)
Scrolls
 g - a scroll of blinking
Potions
 b - a potion of curing
 c - a potion of heal wounds
 d - a potion of haste
 e - a potion of magic
 f - a potion of berserk rage


   Skills:
 - Level 2.6 Dodging
 - Level 2.1 Stealth
 * Level 8.8 Spellcasting
 + Level 3.5 Conjurations
 * Level 11.0 Ice Magic
 + Level 4.3 Evocations


You had 12 spell levels left.
You knew the following spells:

 Your Spells              Type           Power      Damage    Failure   Level
a - Freeze                Ice            100%       1d11      1%          1
b - Frozen Ramparts       Ice            90%        1d11      1%          3
c - Ozocubu's Armour      Ice            45%        N/A       1%          3
d - Hailstorm             Conj/Ice       32%        3d8       4%          4

Your spell library contained the following spells:

 Spells                   Type           Power      Damage    Failure   Level


Dungeon Overview and Level Annotations

Branches:
Dungeon (1/1)

Altars:
Makhleb
Sif Muna
Vehumet
Wu Jian
Xom
Jiyva
Lugonu


Innate Abilities, Weirdness & Mutations

((You are very nimble when in or above water. (Stealth+, EV+, Speed+++)))
Your lower body shifts to a powerful aquatic tail in water.


Message History

You start resting.
Magic restored.
You start resting.
HP restored.
You open the door.
Found a gilded ring and 8 gold pieces.
Found two altars.
A jelly comes into view.
There is an open door here.
Found a radiant altar of Vehumet.
You see here a ring of positive energy.
The jelly quivers.
You see here 8 gold pieces.
The jelly hits you. The acid corrodes you!
You are splashed with acid!
The jelly hits you.
You are splashed with acid.
There is a shimmering blue altar of Sif Muna here.
You kneel at the altar of Sif Muna.
Sif Muna welcomes you! The jelly hits you. The acid corrodes you!
You are splashed with acid!
Unknown command.
Press < or > to pray at altars.
Casting: Freeze (safe; 1% risk of failure)
Confirm with . or Enter, or press ? or * to list all spells.
Aiming: Freeze (safe; 1% risk of failure)
Press: ? - help, Shift-Dir - straight line, f - jelly
Aim: a jelly You freeze the jelly.
The jelly is moderately wounded.
The jelly hits you.
You are splashed with acid!
* * * LOW HITPOINT WARNING * * *
Casting: Freeze (safe; 1% risk of failure)
Confirm with . or Enter, or press ? or * to list all spells.
Aiming: Freeze (safe; 1% risk of failure)
Press: ? - help, Shift-Dir - straight line, f/p - jelly
Aim: a jelly (moderately wounded)
You freeze the jelly.
The jelly is severely wounded.
The jelly hits you.
* * * LOW HITPOINT WARNING * * *
You are splashed with acid!
You die...

###################
#<.#..)..#..'..#__#
#..)..#..'[.#..'..+
#..#####'#####'#__#
#..# #..# #=# ##
#..# #### ##$# #..#
#+#_.+ #⌠⌠# +..J@#
#### #_.#+# ##+


You could see a jelly.

Vanquished Creatures
  A slime creature (D)
  Sigmund (D)
  An ogre (D)
  Ijyb (D)
4 creatures vanquished.

Notes
Turn   | Place    | Note
-------+----------+-------------------------------------------
     0 | D        | Zeld the Merfolk Ice Elementalist began the quest for the
                  | Orb.
     0 | D        | Reached XP level 1. HP: 13/13 MP: 3/3
     2 | D        | Noticed Ijyb
    10 | D        | Killed Ijyb
    11 | D        | Reached skill level 6 in Ice Magic
    11 | D        | Reached XP level 2. HP: 9/19 MP: 0/7
    11 | D        | Reached XP level 3. HP: 11/24 MP: 0/8
   281 | D        | Learned a level 3 spell: Frozen Ramparts
   285 | D        | Learned a level 3 spell: Ozocubu's Armour
   287 | D        | Noticed an ogre
   295 | D        | Killed an ogre
   296 | D        | Reached skill level 8 in Ice Magic
   296 | D        | Reached XP level 4. HP: 30/30 MP: 0/12
   446 | D        | Learned a level 4 spell: Hailstorm
   621 | D        | Noticed Sigmund
   639 | D        | Killed Sigmund
   640 | D        | Reached skill level 10 in Ice Magic
   640 | D        | Reached XP level 5. HP: 20/35 MP: 1/15
   640 | D        | Reached XP level 6. HP: 23/41 MP: 1/16
   894 | D        | Found a burning altar of Makhleb.
   894 | D        | Found a viscous altar of Jiyva.
   894 | D        | Found a shimmering altar of Xom.
   894 | D        | Found a corrupted altar of Lugonu.
   894 | D        | Noticed a slime creature
   901 | D        | Killed a slime creature
   902 | D        | Reached skill level 11 in Ice Magic
   902 | D        | Reached XP level 7. HP: 32/46 MP: 6/19
   996 | D        | Found an ornate altar of the Wu Jian Council.
   996 | D        | Found a shimmering blue altar of Sif Muna.
   998 | D        | Found a radiant altar of Vehumet.
  1002 | D        | Became a worshipper of Sif Muna the Loreminder
  1004 | D        | Splashed by a jelly's acid

Illustrated notes

Levels and vault maps discovered:
D:        dungeon_sprint_1 [red_sonja_temple_1, red_sonja_temple_small_1]

Skill      XL: |  1  2  3  4  5  6 |
---------------+-------------------+-----
Spellcasting   | 4 6 7 8 |  8.8
Ice Magic      | 6 8 10 11 | 11.0
Conjurations   | 2 3 |  3.5
Evocations     | 3 4 |  4.3
Dodging        | |  2.6
Stealth        | |  2.1

Action                   |  1- 3 |  4- 6 |  7- 9 || total
-------------------------+-------+-------+-------++-------
Melee: Unarmed           |     1 |     3 |       ||     4
 Cast: Freeze            |     8 |     6 |     2 ||    16
       Frozen Ramparts   |     1 |     3 |       ||     4
       Ozocubu's Armour  |       |     3 |       ||     3
  Use: Potion            |     1 |       |       ||     1
Armor: Robe              |       |     1 |       ||     1
Dodge: Dodged            |     6 |     9 |       ||    15
